 Dungeon Crawl Stone Soup version 0.30-b1-2-g02819fbbbe (webtiles) character file.

Game seed: 8196299085648387053

9380 redmage the Geomancer (level 12, -5/104 (105) HPs)
             Began as a Meteoran Earth Elementalist on Aug 14, 2023.
             Was an Elder of Cheibriados.
             Slain by an orc knight
             ... wielding a +0 war axe
              (14 damage)
             ... on level 2 of the Orcish Mines.
             The game lasted 01:01:05 (3600 turns).

redmage the Geomancer (Meteoran Earth Elementalist) Turns: 3600, Time: 01:01:05

HP:   -5/104 (105)  AC: 29    Str: 22    XL:     12   Next: 4%
MP:   1/25          EV: 13    Int: 29    God:    Cheibriados [****..]
Gold: 410           SH:  0    Dex: 23    Spells: 1/27 levels left

rFire   . .          .
                       - Unarmed
rCold   . . .        (no shield)
rNeg    + . .        A - melded +0 steam dragon scales
rPois   ∞            I - +1 hat
rElec   +            K - scarf of Birdsong {+Inv, Will++ rCorr}
rCorr   +            (gloves currently unavailable)
SInv    .            c - melded +0 pair of boots
Will    +++..        n - amulet of regeneration
Stlth   +            (no ring)
HPRegen 1.17/turn    (no ring)
MPRegen 0.19/turn

%: no passive effects
@: about to teleport, statue-form, glowing, lightly drained, very slow
A: slow and powerful, torment resistance 1, boosted hp, sense surroundings 2,
otherworldly, glowing, explore regen
a: End Transformation, Renounce Religion, Evoke Invisibility, Bend Time,
Temporal Distortion, Slouch


You were on level 2 of the Orcish Mines.
You worshipped Cheibriados.
Cheibriados was greatly pleased with you.
You were a living statue of rough stone.
You visited 3 branches of the dungeon, and saw 13 of its levels.

You collected 839 gold pieces.
You spent 429 gold pieces at shops.

Inventory:

Hand Weapons
 o - a +2 dagger of electrocution
Missiles
 a - 8 poisoned darts
 x - a curare-tipped dart
Armour
 c - a +0 pair of boots (melded)
 q - a +0 robe of willpower
 A - +0 steam dragon scales (melded)
 I - a +1 hat (worn)
 K - the scarf of Birdsong (worn) {+Inv, Will++ rCorr}
   (You bought it in a shop on level 1 of the Orcish Mines)

   rCorr:     It protects you from acid and corrosion.
   Will:      It greatly increases your willpower.
Jewellery
 h - an amulet of reflection
 n - an amulet of regeneration (around neck)
 w - an amulet of faith
Wands
 g - a wand of flame (14)
 l - a wand of paralysis (5)
 r - a wand of iceblast (32)
 u - a wand of acid (14)
Scrolls
 d - 2 scrolls of teleportation
 e - a scroll of enchant armour
 i - a scroll of fog
 t - a scroll of enchant weapon
 v - a scroll of immolation
 y - a scroll of silence
 F - a scroll of fear {unknown}
 G - a scroll of noise {unknown}
Potions
 b - 2 potions of magic
 f - 2 potions of ambrosia {unknown}
 j - 2 potions of lignification
 k - 4 potions of curing
 m - a potion of resistance
 p - a potion of invisibility {unknown}
 s - 3 potions of heal wounds {unknown}
 z - a potion of degeneration {unknown}
 B - a potion of mutation {unknown}
 C - a potion of attraction {unknown}
 D - a potion of might {unknown}
 E - a potion of cancellation {unknown}
 J - a potion of haste {unknown}
Miscellaneous
 H - a box of beasts (inert)


   Skills:
 - Level 2.4 Dodging
 - Level 1.4 Stealth
 + Level 4.0 Unarmed Combat
 - Level 8.0 Spellcasting
 - Level 5.0 Conjurations
 - Level 4.0 Summonings
 * Level 4.4 Necromancy
 - Level 4.0 Translocations
 - Level 11.4 Transmutations
 - Level 4.0 Ice Magic
 - Level 12.0 Earth Magic


You had one spell level left.
You knew the following spells:

 Your Spells              Type           Power      Damage    Failure   Level
a - Sandblast             Erth           100%       2d20      1%          1
b - Passwall              Tmut/Erth      56%        N/A       1%          2
c - Stone Arrow           Conj/Erth      100%       3d13      1%          3
d - Ozocubu's Armour      Ice            34%        N/A       2%          3
e - Animate Armour        Summ/Erth      100%       N/A       1%          4
f - Simulacrum            Ice/Necr       18%        N/A       77%         6
w - Statue Form           Tmut/Erth      45%        N/A       6%          6
x - Apportation           Tloc           68%        N/A       1%          1

Your spell library contained the following spells:

 Spells                   Type           Power      Damage    Failure   Level
 Necrotise                Necr           100%       1d9       1%          1
 Summon Small Mammal      Summ           100%       N/A       1%          1
 Petrify                  Tmut/Erth      68%        N/A       1%          4
 Ensorcelled Hibernation  Hex/Ice        46%        N/A       3%          2
 Swiftness                Air            11%        N/A       14%         3
 Metabolic Englaciation   Hex/Ice        11%        N/A       50%         5
 Lehudib's Crystal Spear  Conj/Erth      28%        10d8      100%        8


Dungeon Overview and Level Annotations

Branches:
Dungeon (10/15) Zot: 4356  Temple (1/1) D:7 Zot: 829    Lair (0/5) D:10
    Orc (2/2) D:10 Zot: 1068     Elf (0/3) Orc:2

Altars:
Ashenzari
Cheibriados
Dithmenos
Elyvilon
Kikubaaqudgha
Nemelex Xobeh
Okawaru
Sif Muna
Yredelemnul
Zin

Shops:
D:7 (   Orc:1 *

Portals:
Trove: D:10 (show slimy rune of Zot)
Ice
Cave: Orc:2


Innate Abilities, Weirdness & Mutations

You are a living statue of rough stone.
Your actions are slow, but your melee attacks are powerful.
You are resistant to unholy torment.
Your maximum health is greatly increased.
You are immune to poison.
Your equipment is partially melded.
You passively map the area around you.
You are easily found by Zot.
You glow in the dark.
You regain HP and MP as you explore.


Message History

The orc sorcerer is almost dead.
The orc warrior hits you from afar with a +0 trident.
The orc sorcerer casts a spell at you. The bolt of fire hits you!!
* * * LOW HITPOINT WARNING * * *
The orc knight roars a battlecry!
Unknown command.
Unknown command.
Casting: Stone Arrow (safe; 1% risk of failure)
Confirm with . or Enter, or press ? or * to list all spells.
Aiming: Sandblast (safe; 1% risk of failure)
Press: ? - help, Shift-Dir - straight line, f/p - orc sorcerer
Aim: an orc sorcerer, wielding a +0 dagger and wearing a +0 robe (almost dead, strong, 82% to hit)
The blast of sand hits the orc sorcerer but does no damage.
The orc sorcerer is almost dead.
The orc sorcerer shouts, "You can't withstand my power!"
The orc sorcerer hits you but does no damage.
The orc knight hits you but does no damage.
The orc warrior hits you but does no damage. x2
The orc knight hits you with a +0 war axe.
* * * LOW HITPOINT WARNING * * *
The orc sorcerer hits you but does no damage.
Unknown command.
Unknown command.
As you read the scroll of teleportation, it crumbles to dust.
You feel strangely unstable.
The orc sorcerer gestures wildly while chanting.
The orc knight roars a battlecry! x2
The orc knight goes into a battle-frenzy!
The orc warrior hits you from afar with a +0 trident!!
* * * LOW HITPOINT WARNING * * *
The orc knight misses you. The orc sorcerer completely misses you.
You hear a shout!
Unknown command.
You feel better. The orc sorcerer casts a spell at you.
The bolt of negative energy hits you! You partially resist.
You feel drained.
* * * LOW HITPOINT WARNING * * *
The orc knight hits you with a +0 war axe!
You die... *,, ..#* ##.#.# ### ##.. #..... ##.. , , ooo

#.#.## #... * , , #o. #...# #...
* ,,.. ,**oo## ##..## ##.. ...
,,.o#####....####.. , #.#,
,#o##..##...#.###. , , #.# ,,
##o##..........### #.# ,,
##8o##.........## # #.#*
###..###..........###
...####.####..4## #...)......#.#
#...........### #.)...........
######.###### #......#.....#
########.###########.....###.#.#.
..........................######.
....................)..[.## #>#.
.....................##[## #...


You could see 2 orc knights, an ice devil (summoned), an orc sorcerer (strong)
and an orc warrior (strong).

Vanquished Creatures
  A two-headed ogre (D:9)
  An orc high priest (Orc:2)
  An orc knight (Orc:2)
  A cyclops (Orc:2)
  An orc sorcerer (Orc:2)
  An unseen horror (D:9)
  Grinder (D:3)
  Prince Ribbit (D:5)
  4 yaks (D:10)
  4 wyverns
  2 wraiths
  A basilisk (D:10)
  A steam dragon (D:8)
  5 water moccasins
  Edmund (D:4)
  Duvessa (D:4)
  10 orc warriors
  An ice beast (D:8)
  3 ogres
  A centaur (D:4)
  3 kobold brigands
  4 scorpions
  Dowan (D:4)
  8 killer bees
  2 electric eels (D:6)
  4 howler monkeys
  A centaur zombie (D:8)
  4 hounds
  3 jellies
  A gnoll bouda (Orc:2)
  9 orc priests
  2 sleepcaps
  11 orc wizards
  4 iguanas
  A howler monkey zombie (D:8)
  4 gnolls (Orc:2)
  6 adders
  A shadow imp (D:6)
  A white imp (D:8)
  3 ufetubi
  3 dart slugs
  34 orcs
  3 ball pythons
  A bat (D:1)
  2 endoplasms
  2 goblins (D:4)
  6 hobgoblins
  14 kobolds
  3 quokkas
  2 frilled lizards
  3 rats
188 creatures vanquished.

Vanquished Creatures (collateral kills)
  A basilisk (D:10)
  A wyvern (D:10)
  An adder (D:4)
  2 orcs
  3 kobolds (D:8)
8 creatures vanquished.

Vanquished Creatures (others)
  3 fungi (D:10)
  11 plants (D:10)
14 creatures vanquished.

Grand Total: 210 creatures vanquished

Notes
Turn   | Place    | Note
-------+----------+-------------------------------------------
     0 | D:1      | redmage the Meteoran Earth Elementalist began the quest for
                  | the Orb.
     0 | D:1      | Reached XP level 1. HP: 14/14 MP: 5/5
    41 | D:1      | Found a faded altar of an unknown god.
    56 | D:1      | Reached XP level 2. HP: 9/20 MP: 5/7
    77 | D:1      | Reached skill level 4 in Earth Magic
   135 | D:2      | Learned a level 2 spell: Passwall
   273 | D:3      | Reached XP level 3. HP: 14/26 MP: 4/8
   277 | D:3      | Learned a level 3 spell: Stone Arrow
   325 | D:4      | Reached skill level 1 in Conjurations
   358 | D:3      | Reached XP level 4. HP: 27/33 MP: 5/9
   396 | D:4      | Noticed Dowan
   458 | D:3      | Noticed Grinder
   473 | D:3      | Killed Grinder
   474 | D:3      | Reached skill level 5 in Earth Magic
   474 | D:3      | Reached XP level 5. HP: 23/38 MP: 3/12
   474 | D:3      | Reached XP level 6. HP: 28/45 MP: 3/13
   542 | D:4      | Killed Dowan
   619 | D:4      | Noticed Edmund
   625 | D:4      | Killed Edmund
   626 | D:4      | Reached skill level 5 in Spellcasting
   626 | D:4      | Reached XP level 7. HP: 35/50 MP: 2/15
   682 | D:4      | Learned a level 1 spell: Apportation
   686 | D:4      | Learned a level 3 spell: Ozocubu's Armour
   703 | D:5      | Entered Level 5 of the Dungeon
   714 | D:5      | Found an ancient bone altar of Kikubaaqudgha.
   762 | D:5      | Reached skill level 5 in Conjurations
   762 | D:5      | Reached skill level 1 in Ice Magic
   762 | D:5      | Reached skill level 6 in Earth Magic
  1090 | D:5      | Found a white marble altar of Elyvilon.
  1214 | D:5      | Found a sparkling altar of Nemelex Xobeh.
  1219 | D:5      | Reached XP level 8. HP: 57/57 MP: 13/17
  1383 | D:7      | Found Gooxichi's Weapon Boutique.
  1582 | D:5      | Noticed Prince Ribbit
  1587 | D:5      | Killed Prince Ribbit
  1588 | D:5      | Reached skill level 7 in Earth Magic
  1588 | D:5      | Gained mutation: You passively map the area around you.
                  | [Meteoran growth]
  1588 | D:5      | Reached XP level 9. HP: 52/62 MP: 11/21
  1753 | D:5      | Learned a level 4 spell: Animate Armour
  1778 | D:4      | Reached skill level 8 in Earth Magic
  1820 | D:4      | Noticed Duvessa
  1824 | D:4      | Killed Duvessa
  1825 | D:4      | Reached skill level 1 in Summonings
  1825 | D:4      | Reached skill level 1 in Translocations
  2020 | D:6      | Reached skill level 9 in Earth Magic
  2189 | D:7      | Reached XP level 10. HP: 69/69 MP: 5/23
  2281 | D:7      | Found a staircase to the Ecumenical Temple.
  2290 | Temple   | Entered the Ecumenical Temple
  2315 | Temple   | Became a worshipper of Cheibriados the Contemplative
  2475 | D:8      | Reached skill level 5 in Transmutations
  2525 | D:9      | Reached * piety under Cheibriados
  2526 | D:9      | Reached skill level 10 in Earth Magic
  2533 | D:9      | Learned a level 6 spell: Statue Form
  2661 | D:8      | Found a glowing silver altar of Zin.
  2671 | D:8      | Found a basalt altar of Yredelemnul.
  2697 | D:8      | Found a shimmering blue altar of Sif Muna.
  2718 | D:8      | HP: 2/69 [ice beast (8)]
  2873 | D:9      | Killed an unseen horror
  2884 | D:10     | Entered Level 10 of the Dungeon
  2914 | D:9      | Noticed a two-headed ogre
  2918 | D:9      | Killed a two-headed ogre
  2983 | D:9      | Reached XP level 11. HP: 74/74 MP: 17/24
  3030 | D:10     | Reached skill level 11 in Earth Magic
  3056 | D:10     | Reached ** piety under Cheibriados
  3078 | D:10     | Found a portal to a secret trove of treasure.
  3146 | D:10     | Found a staircase to the Lair.
  3161 | D:10     | Reached skill level 10 in Transmutations
  3209 | D:10     | Found a staircase to the Orcish Mines.
  3215 | Orc:1    | Entered Level 1 of the Orcish Mines
  3233 | Orc:1    | Learned a level 6 spell: Simulacrum
  3252 | Orc:2    | Entered Level 2 of the Orcish Mines
  3274 | Orc:1    | Found Gaol's Assorted Antiques.
  3282 | Orc:2    | Reached skill level 1 in Unarmed Combat
  3288 | Orc:1    | Reached *** piety under Cheibriados
  3300 | Orc:1    | Bought a scroll labelled CIUBBE ZUSATEQ for 39 gold pieces
  3300 | Orc:1    | Bought a polished scarf for 390 gold pieces
  3300 | Orc:1    | Identified the scarf of Birdsong {+Inv, Will++ rCorr} (You
                  | bought it in a shop on level 1 of the Orcish Mines)
  3333 | Orc:2    | Noticed a cyclops
  3339 | Orc:2    | Killed a cyclops
  3340 | Orc:2    | Reached skill level 1 in Necromancy
  3340 | Orc:2    | Reached skill level 12 in Earth Magic
  3348 | Orc:2    | Found a staircase to the Elven Halls.
  3421 | Orc:2    | Noticed an orc knight
  3426 | Orc:2    | Killed an orc knight
  3510 | Orc:2    | Reached **** piety under Cheibriados
  3532 | Orc:2    | Found a frozen archway.
  3577 | Orc:2    | Noticed an orc sorcerer
  3577 | Orc:2    | Noticed an orc knight
  3581 | Orc:2    | Killed an orc sorcerer
  3582 | Orc:2    | Noticed an orc high priest
  3588 | Orc:2    | Noticed an orc sorcerer
  3589 | Orc:2    | Noticed a soul eater
  3591 | Orc:2    | Killed an orc high priest
  3591 | Orc:2    | Noticed an orc knight
  3592 | Orc:2    | Reached XP level 12. HP: 81/81 MP: 14/25
  3599 | Orc:2    | HP: 4/105 [orc warrior/+0 trident (18)]
  3600 | Orc:2    | Slain by an orc knight

Illustrated notes

Levels and vault maps discovered:
D:1:      wander_arrival_chamber, layout_rooms,
          shapermc_ecumenical_altar_starsandcircs, hangedman_decor_opposing
D:2:      layout_basic, corexii_corridor_pit
D:3:      layout_basic, minmay_misc_feat_room, uniq_crazy_yiuf_cottage,
          uniq_grinder
D:4:      layout_rooms, columned_hall_lemuel, minivault_11, uniq_edmund,
          uniq_duvessa
D:5:      layout_loops_corners, elyvilon_altar_3, kennysheep_little_box,
          nicolae_zen_rock_garden, kennysheep_diamond, uniq_prince_ribbit1
D:6:      cheibrodos_helix_gallery, layout_gridville, kennysheep_generic_room_2
D:7:      layout_basic, nemelex_diamond_rough_becter,
          nicolae_overflow_crystal_walls, lemuel_temple_firewalk_b,
          serial_shops, nicolae_shop_real_fake_doors
D:8:      layout_basic, lemuel_zombie_altar_yredelemnul,
          mainiacjoe_overflow_concentric_impassable, mainiacjoe_overflow_paths,
          dk_vineyard_1
D:9:      layout_layer_cave
D:10:     layout_loops_corners, mainiacjoe_overflow_catwalk_spiral,
          minmay_lair_entry_grove, orc_0_dummy, nicolae_trove_entry_columns
Temple:   oiseaux_autumnal_temple
Orc:1:    layout_caves, serial_shops, shop, shop, shop, basic_altar, uniq_harold
Orc:2:    st_orc_elflike, layout_diamond_mine, portal_ice_cave_entry_pillars_2

Skill      XL: |  1  2  3  4  5  6  7  8  9 10 11 |
---------------+----------------------------------+-----
Spellcasting   | 3 4 5 7 8 |  8.0
Earth Magic    | 4 5 6 7 9 10 12 | 12.0
Conjurations   | 1 3 4 5 |  5.0
Ice Magic      | 1 4 |  4.0
Summonings     | 3 4 |  4.0
Translocations | 3 4 |  4.0
Transmutations | 3 8 11 | 11.4
Unarmed Combat | 4 |  4.0
Necromancy     | 4 |  4.4
Dodging        | |  2.4
Stealth        | |  1.4

Action                     |  1- 3 |  4- 6 |  7- 9 | 10-12 || total
---------------------------+-------+-------+-------+-------++-------
  Melee: Unarmed           |     2 |       |       |    16 ||    18
         Dagger            |       |       |    33 |    56 ||    89
         Punch             |       |       |     2 |     1 ||     3
   Cast: Sandblast         |    27 |    16 |    39 |    48 ||   130
         Passwall          |     2 |     1 |    17 |    12 ||    32
         Stone Arrow       |       |     6 |    71 |   102 ||   179
         Apportation       |       |       |     2 |    45 ||    47
         Ozocubu's Armour  |       |       |     1 |     4 ||     5
         Animate Armour    |       |       |       |     5 ||     5
         Statue Form       |       |       |       |     9 ||     9
  Evoke: Wand              |       |       |     1 |    13 ||    14
         Box of beasts     |       |       |       |     1 ||     1
    Use: Scroll            |     8 |       |     2 |     5 ||    15
         Potion            |       |       |       |     3 ||     3
   Stab: Paralysed         |       |       |     2 |       ||     2
 Armour: Robe              |     1 |     1 |    16 |     2 ||    20
         Steam dragon scal |       |       |       |    32 ||    32
         Skin              |       |       |       |   130 ||   130
  Dodge: Dodged            |     7 |     4 |    25 |   157 ||   193
